 Dungeon Crawl Stone Soup version 0.23.2 (webtiles) character file.

Game seed: 9273811811795068554

282355 CapitaineHaddock the Warrior (level 20, -10/136 HPs)
             Began as a Tengu Air Elementalist on Apr 5, 2019.
             Was the Champion of Vehumet.
             Mangled by a vampire knight
             ... wielding a +2 war axe of venom
              (35 damage)
             ... while paralysed by a vampire knight
             ... on level 1 of the Vaults.
             The game lasted 02:22:58 (63770 turns).

CapitaineHaddock the Warrior (TeAE)                Turns: 63770, Time: 02:22:59

Health: -10/136    AC: 17    Str: 18    XL:     20   Next: 53%
Magic:  13/38      EV:  2    Int: 24    God:    Vehumet [******]
Gold:   3247       SH:  0    Dex: 18    Spells: 5/46 levels left

rFire    . . .     SeeInvis .   b - staff of wizardry
rCold    . . .     Gourm    .   V - +2 shield
rNeg     + . .     Faith    .   C - +4 ring mail of Xom's Generosity {Str+9}
rPois    +         Spirit   .   (helmet restricted)
rElec    +         Reflect  .   K - +2 cloak
rCorr    +         Harm     .   Y - +2 pair of gloves {Dex+3}
MR       +....                  (boots unavailable)
Stlth    ++........             B - amulet of magic regeneration
HPRegen  0.32/turn              t - ring of Phasing {EV+8}
MPRegen  0.51/turn              H - ring "Zyadounk" {rCorr rElec rPois rN+ Slay+3}

@: paralysed, flying quickly and evasively, very slightly contaminated, deflect
missiles, quick
A: beak, talons 3, able to fly
}: 2/15 runes: decaying, serpentine
a: Stop Flying, Renounce Religion


You were on level 1 of the Vaults.
You worshipped Vehumet.
Vehumet was exalted by your worship.
You were very hungry.

You visited 8 branches of the dungeon, and saw 36 of its levels.

You collected 3872 gold pieces.
You spent 625 gold pieces at shops.

Inventory:

Hand Weapons
 a - a +4 demon trident of electrocution
Missiles
 N - a throwing net (quivered)
Armour
 C - the +4 ring mail of Xom's Generosity (worn) {Str+9}
   (You found it on level 7 of the Dungeon)

   It affects your strength (+9).
 K - a +2 cloak (worn)
 V - a +2 shield (worn)
 Y - a +2 pair of gloves of dexterity (worn)
Magical Staves
 b - an uncursed staff of wizardry (weapon)
 p - an uncursed staff of conjuration
Jewellery
 l - an uncursed ring of protection from fire
 t - the ring of Phasing (left hand) {EV+8}
   (You took it off a deep elf high priest on level 3 of the Elven Halls)

   [ring of evasion]

   It affects your evasion (+8).
 y - an uncursed amulet of faith
 B - an amulet of magic regeneration (around neck)
 H - the ring "Zyadounk" (right hand) {rCorr rElec rPois rN+ Slay+3}
   (You found it on level 9 of the Dungeon)

   [ring of resist corrosion]

   It affects your accuracy and damage with ranged weapons and melee attacks
   (+3).
   It insulates you from electricity.
   It protects you from poison.
   It protects you from negative energy.
 S - an uncursed ring of stealth
 W - an uncursed ring of protection from cold
 Z - an uncursed ring of wizardry
Wands
 s - a wand of digging (3)
 v - a wand of paralysis (6)
 x - a wand of iceblast (44)
 E - a wand of clouds (11)
Scrolls
 e - 4 scrolls of immolation
 g - 5 scrolls of fog
 h - a scroll of amnesia
 m - 4 scrolls of blinking
 r - 2 scrolls of teleportation
 u - 6 scrolls of identify
 A - 3 scrolls of fear
 G - 12 scrolls of remove curse
 I - a scroll of silence
 L - a scroll of brand weapon
 O - a scroll of acquirement
 U - 7 scrolls of enchant armour
 X - 3 scrolls of magic mapping
Potions
 f - 8 potions of mutation
 i - 7 potions of brilliance
 j - 3 potions of berserk rage
 k - a potion of magic
 n - a potion of haste
 o - 3 potions of might
 D - 7 potions of curing
 F - 5 potions of heal wounds
 J - 4 potions of agility
 M - 4 potions of ambrosia
 P - 2 potions of lignification
 Q - a potion of resistance
 T - 4 potions of cancellation
Miscellaneous
 d - a phantom mirror
 R - a lamp of fire
Comestibles
 c - 18 rations
 q - 5 chunks of flesh


   Skills:
 + Level 18.2 Fighting
 - Level 6.7 Armour
 - Level 12.0 Dodging
 - Level 4.0 Stealth
 - Level 15.0 Shields
 + Level 13.9 Spellcasting
 * Level 16.2 Conjurations
 - Level 6.0 Charms
 * Level 16.3 Air Magic


You had 5 spell levels left.
You knew the following spells:

 Your Spells              Type           Power        Failure   Level  Hunger
a - Shock                 Conj/Air       ####         0%          1    None
b - Lightning Bolt        Conj/Air       #######...   1%          5    ###....
c - Freezing Cloud        Conj/Ice/Air   ######....   1%          6    #####..
d - Airstrike             Air            #######...   1%          4    None
e - Chain Lightning       Conj/Air       #######...   6%          8    #######
f - Blink                 Tloc           N/A          3%          2    None
g - Regeneration          Chrm/Necr      ####......   2%          3    None
h - Deflect Missiles      Chrm/Air       ######....   4%          6    #####..
i - Bolt of Fire          Conj/Fire      ######....   4%          6    #####..

Your spell library contained the following spells:

 Spells                   Type           Power        Failure   Level  Hunger
 Fire Storm               Conj/Fire      ######....   100%        9    #######
 Glaciate                 Conj/Ice       ######....   100%        9    #######
 Magic Dart               Conj           ####         0%          1    None
 Searing Ray              Conj           ######       0%          2    None
 Static Discharge         Conj/Air       #######.     0%          3    None
 Flame Tongue             Conj/Fire      #####        1%          1    None
 Freeze                   Ice            ###.         1%          1    None
 Infusion                 Chrm           ####         1%          1    None
 Sandblast                Erth           ###...       1%          1    None
 Sting                    Conj/Pois      ####         1%          1    None
 Poisonous Vapours        Pois/Air       ######       1%          2    None
 Shroud of Golubria       Chrm/Tloc      ####......   1%          2    None
 Song of Slaying          Chrm           #####...     1%          2    None
 Swiftness                Chrm/Air       ######..     1%          2    None
 Throw Flame              Conj/Fire      ######       1%          2    None
 Throw Frost              Conj/Ice       ######       1%          2    None
 Conjure Flame            Conj/Fire      ######..     1%          3    None
 Mephitic Cloud           Conj/Pois/Air  ######..     1%          3    None
 Stone Arrow              Conj/Erth      ######       1%          3    None
 Force Lance              Conj/Tloc      ######..     1%          4    None
 Sticky Flame             Conj/Fire      ######..     1%          4    None
 Summon Lightning Spire   Summ/Air       ######..     1%          4    None
 Throw Icicle             Conj/Ice       ######..     1%          4    None
 Fireball                 Conj/Fire      ######....   1%          5    ###....
 Irradiate                Conj/Tmut      ######....   1%          5    ###....
 Venom Bolt               Conj/Pois      ######....   1%          5    ###....
 Beastly Appendage        Tmut           ###...       2%          1    None
 Summon Small Mammal      Summ           ###.         2%          1    None
 Inner Flame              Hex/Fire       ###.....     2%          3    None
 Ozocubu's Armour         Chrm/Ice       ####....     2%          3    None
 Spectral Weapon          Hex/Chrm       ####....     2%          3    None
 Silence                  Hex/Air        ######....   2%          5    ###....
 Call Imp                 Summ           ###.....     3%          2    None
 Passwall                 Tmut/Erth      ###.....     3%          2    None
 Slow                     Hex            ###.....     3%          2    None
 Sticks to Snakes         Tmut           ###.....     3%          2    None
 Olgreb's Toxic Radiance  Pois           ###.....     7%          4    None
 Call Canine Familiar     Summ           ###.....     8%          3    None
 Gell's Gravitas          Tloc           ###.......   8%          3    None
 Portal Projectile        Hex/Tloc       ###...       8%          3    None
 Recall                   Summ/Tloc      N/A          8%          3    None
 Spider Form              Tmut/Pois      ###.......   8%          3    None
 Summon Guardian Golem    Hex/Summ       ###.....     8%          3    None
 Lee's Rapid Deconstruct  Erth           ###.......   17%         5    ###....
 Yara's Violent Unravell  Hex/Tmut       ###.......   17%         5    ###....
 Animate Dead             Necr           N/A          24%         4    None
 Cause Fear               Hex            ###.......   24%         4    None
 Ice Form                 Ice/Tmut       ###.....     24%         4    None
 Petrify                  Tmut/Erth      ###.....     24%         4    None
 Summon Ice Beast         Ice/Summ       ###.....     24%         4    None
 Blade Hands              Tmut           ###.......   52%         5    ###....
 Borgnjor's Vile Clutch   Necr/Erth      ###.......   52%         5    ###....
 Metabolic Englaciation   Hex/Ice        ###.......   52%         5    ###....
 Conjure Ball Lightning   Conj/Air       #######...   1%          6    #####..
 Bolt of Cold             Conj/Ice       ######....   4%          6    #####..
 Iron Shot                Conj/Erth      ######....   4%          6    #####..
 Tornado                  Air            #######...   54%         9    #######
 Ozocubu's Refrigeration  Ice            ###.......   61%         6    #####..
 Death Channel            Necr           ###.......   97%         6    #####..
 Dispersal                Tloc           ###.......   97%         6    #####..
 Hydra Form               Tmut           ###.......   97%         6    #####..
 Simulacrum               Ice/Necr       ###.......   97%         6    #####..
 Dragon Form              Tmut           ###.......   100%        7    ######.
 Controlled Blink         Tloc           N/A          100%        8    #######
 Discord                  Hex            ###.......   100%        8    #######
 Disjunction              Tloc           ###.......   100%        8    #######
 Ignition                 Fire           ###.......   100%        8    #######
 Dragon's Call            Summ           ###.......   100%        9    #######
 Shatter                  Erth           ###.......   100%        9    #######


Dungeon Overview and Level Annotations

Branches:
Dungeon (15/15)            Temple (1/1) D:7            Lair (6/6) D:10
  Swamp (4/4) Lair:3        Snake (4/4) Lair:3        Slime (0/5) Lair:6
    Orc (2/2) D:11            Elf (3/3) Orc:2        Vaults (1/5) D:14
 Depths (0/5) D:15

Altars:
Ashenzari
Cheibriados
Dithmenos
Elyvilon
Fedhas
Gozag
Hepliaklqana
Kikubaaqudgha
Makhleb
Nemelex Xobeh
Okawaru
Qazlal
Ru
Sif Muna
Trog
Uskayaw
Vehumet
Wu Jian
Xom
Yredelemnul
Zin
The Shining One
Beogh
Jiyva

Shops:
D:14 [   Orc:2 (:[*   Elf:2 [   Snake:2 ?   Vaults:1 (

Portals:
Hell: Lair:6

Annotations:
D:3 exclusion: downstairs
D:4 Dowan
Lair:6 1 runed translucent door
Snake:2 exclusion: Roxanne, Roxanne
Elf:2 5 runed translucent doors


Innate Abilities, Weirdness & Mutations

You have a beak for a mouth.
You have claws for feet.
You can fly continuously.


Message History

You see here 2 arrows.
You hear some strange, mumbled words.
You suddenly lose the ability to move!
Something hits you! Something bites you but does no damage. Something hits you!
Something bites you but does no damage. Something hits you!!
Something bites you!
Something draws strength from your injuries!
The vampire knight hits you from afar with a +0 glaive!
Something hits you but does no damage. Something bites you!
Something draws strength from your injuries!
Something hits you but does no damage. Something bites you.
Something draws strength from your injuries!
The vampire knight hits you from afar with a +0 glaive!
* * * LOW HITPOINT WARNING * * *
Something hits you!
* * * LOW HITPOINT WARNING * * *
Something bites you but does no damage.
The vampire knight hits you but does no damage.
Something hits you!!
You die...

#..######'###'#...
#.................
#...........).....
#.................
#.................
#..###############
#..# #.)### #..#
#..'.. #@.# #..#.(
#..# ##'##' #V(#
#..#. #.(# #..##
#.(# ##'##. #..#
#...'. #.(# #...##
#..# #####
#ยงยง####V####


You could see a vampire knight.

Vanquished Creatures
  Jorgrun (D:15)
  A tentacled monstrosity (Swamp:3)
  A deep elf blademaster (Elf:2)
  Asterion (Vaults:1)
  A deep elf master archer (Elf:3)
  An ancient champion (Vaults:1)
  A thorn hunter (Swamp:3)
  5 nagarajas (Snake:4)
  4 deep elf sorcerers (Elf:3)
  Aizul (Snake:3)
  4 vault wardens (Vaults:1)
  An ironheart preserver (Vaults:1)
  2 orc warlords
  A deep elf elementalist (Elf:2)
  5 very ugly things
  An entropy weaver (Vaults:1)
  Nessos (D:15)
  3 deep elf demonologists
  7 deep elf annihilators
  8 deep elf death magi
  7 deep elf high priests
  Josephine (D:15)
  3 yaktaur captains (Vaults:1)
  3 great orbs of eyes (Vaults:1)
  Fannar (D:10)
  A catoblepas (D:15)
  An ice dragon (Lair:5)
  2 ghost crabs
  18 hydras
  5 vault guards (D:14)
  12 naga warriors
  8 centaur warriors
  5 shambling mangroves
  2 anacondas
  15 alligators
  10 dancing weapons
  A death knight (D:12)
  A vampire mage (D:15)
  5 two-headed ogres
  2 tengu warriors (D:15)
  10 death yaks
  Urug (Lair:2)
  A deep troll shaman (Vaults:1)
  4 orc high priests
  A small abomination (Elf:2)
  22 naga sharpshooters
  8 shock serpents
  A sun demon (Lair:6)
  Nergalle (Orc:1)
  2 skeletal warriors
  9 deep elf knights
  3 lindwurms
  3 unseen horrors
  A spriggan druid (Swamp:4)
  12 swamp dragons
  3 deep trolls (Vaults:1)
  An ironbrand convoker (Vaults:1)
  5 naga ritualists
  6 orc knights
  3 wizards
  9 deep elf archers
  Pikel (D:7)
  5 mana vipers
  2 necromancers
  8 cyclopes
  7 orc sorcerers
  An ugly thing (D:13)
  56 deep elf magi
  8 salamanders
  4 manticores
  3 orange demons (Lair:6)
  3 guardian serpents
  3 elephants (Lair:4)
  26 black mambas
  21 naga magi
  3 gargoyles
  10 spiny frogs
  2 torpor snails
  Psyche (D:8)
  2 vault sentinels (Vaults:1)
  2 swamp worm zombies (Swamp:1)
  6 rime drakes
  2 kobold demonologists
  5 tengu conjurers
  2 efreet
  3 komodo dragons
  A hellwing (Lair:6)
  13 yaktaurs
  2 ice devils (Lair:6)
  3 freezing wraiths
  11 tyrant leeches
  A red devil (Lair:6)
  A yaktaur skeleton (D:15)
  6 trolls
  Prince Ribbit (D:6)
  4 blink frogs (Lair:2)
  An ettin zombie (D:15)
  25 slime creatures
  13 hornets
  10 bog bodies
  8 hippogriffs
  2 shadows
  5 spriggans
  3 water elementals
  A deep troll skeleton (D:15)
  2 humans
  44 yaks
  5 wyverns
  3 air elementals
  2 fire elementals
  8 wraiths
  A basilisk (Lair:6)
  4 hungry ghosts
  16 vampire mosquitoes
  55 nagas
  19 insubstantial wisps
  2 acid dragons
  A swamp worm (shapeshifter) (Vaults:1)
  6 water moccasins
  5 wargs
  10 swamp worms
  3 hell hounds (Lair:6)
  A tengu skeleton (D:15)
  42 orc warriors
  15 porcupines
  2 sky beasts
  9 swamp drakes
  3 ice beasts
  3 swamp dragon zombies (Swamp:1)
  An eye of draining (D:12)
  5 black bears
  2 phantoms
  A hornet zombie (Swamp:1)
  2 slaves (D:8)
  2 necrophages
  12 ogres
  14 centaurs
  12 crocodiles
  6 big kobolds
  11 bullfrogs
  A gnoll sergeant (D:12)
  2 earth elementals
  A water moccasin zombie (Swamp:1)
  A wyvern skeleton (D:11)
  A wyvern zombie (D:10)
  7 scorpions
  2 water moccasin skeletons
  4 killer bees (D:8)
  5 wights (D:12)
  A howler monkey (D:4)
  6 crimson imps
  5 centaur zombies
  2 quasits
  3 bullfrog zombies
  40 orc priests
  9 hounds
  4 jellies
  5 centaur skeletons
  2 gnoll shamans
  Jessica (D:3)
  A bullfrog skeleton (D:8)
  3 iguanas
  37 orc wizards
  12 worker ants
  2 hound skeletons
  13 gnolls
  2 howler monkey skeletons
  14 adders
  An adder (shapeshifter) (Vaults:1)
  3 shadow imps
  2 oozes
  An adder skeleton (D:7)
  4 worms
  2 leopard geckos
  145 orcs
  A ball python (D:2)
  3 bat zombies (D:9)
  7 giant cockroaches
  4 goblins (D:1)
  7 hobgoblins
  26 jackals
  21 kobolds
  5 quokkas
  A ball python skeleton (D:4)
  4 bats
  2 frilled lizards
  A jackal zombie (D:6)
  A kobold zombie (D:6)
  A leopard gecko skeleton (D:5)
  A leopard gecko zombie (D:9)
  3 rats
  A rat zombie (D:9)
  3 crawling corpses
  2 fungi
  A plant (Lair:3)
1324 creatures vanquished.

Vanquished Creatures (collateral kills)
  the Lernaean hydra (Swamp:4)
  2 swamp dragons (Swamp:4)
  A tyrant leech (Swamp:4)
4 creatures vanquished.

Vanquished Creatures (others)
  A hydra (Swamp:2)
  A deep elf knight (Orc:2)
  43 ball lightnings
  A black mamba (Snake:2)
  An eye of draining (D:14)
  An orc (Orc:1)
  28 fungi
  8 plants
  2 withered plants (D:15)
86 creatures vanquished.

Grand Total: 1414 creatures vanquished

Notes
Turn   | Place    | Note
-------+----------+-------------------------------------------
     0 | D:1      | CapitaineHaddock the Tengu Air Elementalist began the quest
                  | for the Orb.
     0 | D:1      | Reached XP level 1. HP: 10/10 MP: 4/4
   212 | D:1      | Reached XP level 2. HP: 15/15 MP: 1/6
   986 | D:1      | Reached XP level 3. HP: 19/19 MP: 3/7
  1298 | D:2      | Found a shadowy altar of Dithmenos.
  2653 | D:3      | Reached XP level 4. HP: 24/24 MP: 5/9
  2797 | D:3      | Reached skill level 5 in Air Magic
  3259 | D:3      | Noticed Jessica
  3264 | D:3      | Killed Jessica
  3264 | D:3      | Gained mutation: You can fly continuously. [Tengu growth]
  3264 | D:3      | Reached XP level 5. HP: 28/28 MP: 7/10
  3686 | D:3      | Learned a level 4 spell: Airstrike
  3896 | D:3      | Found a snail-covered altar of Cheibriados.
  3972 | D:3      | Learned a level 5 spell: Lightning Bolt
  4107 | D:4      | Reached XP level 6. HP: 22/32 MP: 5/12
  4652 | D:4      | Reached skill level 5 in Conjurations
  4852 | D:4      | Reached XP level 7. HP: 36/36 MP: 4/14
  5437 | D:4      | Noticed Dowan
  6251 | D:5      | Entered Level 5 of the Dungeon
  6772 | D:5      | Reached XP level 8. HP: 41/41 MP: 13/16
  6774 | D:5      | Reached skill level 5 in Spellcasting
  6930 | D:5      | Found a burning altar of Makhleb.
  6970 | D:5      | Found a blossoming altar of Fedhas.
  8271 | D:6      | Found a blossoming altar of Fedhas.
  8482 | D:6      | Reached XP level 9. HP: 45/45 MP: 14/19
  9046 | D:6      | Found a runed translucent door.
  9162 | D:6      | Found a basalt altar of Yredelemnul.
  9343 | D:6      | Reached skill level 10 in Air Magic
  9482 | D:6      | Noticed Prince Ribbit
  9493 | D:6      | Killed Prince Ribbit
 10472 | D:7      | Found a staircase to the Ecumenical Temple.
 10530 | D:7      | Got a brightly glowing ring mail
 10531 | D:7      | Identified the +4 ring mail of Xom's Generosity {Str+9}
                  | (You found it on level 7 of the Dungeon)
 10621 | D:7      | Reached skill level 10 in Conjurations
 10837 | Temple   | Entered the Ecumenical Temple
 11022 | Temple   | Became a worshipper of Vehumet
 11395 | D:8      | Reached XP level 10. HP: 43/50 MP: 5/22
 11980 | D:8      | Noticed Pikel
 12019 | D:7      | Killed Pikel
 12157 | D:8      | Noticed Psyche
 12162 | D:8      | Killed Psyche
 12298 | D:8      | Identified the Handbook of Excruciating Weightlessness
 12333 | D:8      | Got a heavily runed helmet
 12387 | D:8      | Found a bloodstained altar of Trog.
 12670 | D:9      | Reached * piety under Vehumet
 12670 | D:9      | Offered knowledge of Freeze by Vehumet.
 12838 | D:9      | Noticed a two-headed ogre
 13360 | D:9      | Found an ornate altar of the Wu Jian Council.
 13595 | D:9      | Found an ancient bone altar of Kikubaaqudgha.
 13638 | D:9      | Noticed a two-headed ogre
 13648 | D:9      | Killed a two-headed ogre
 13759 | D:9      | Got a crude iron ring
 13870 | D:9      | Killed a two-headed ogre
 13870 | D:9      | Reached XP level 11. HP: 54/54 MP: 17/24
 13993 | D:10     | Entered Level 10 of the Dungeon
 14534 | D:10     | Offered knowledge of Sandblast by Vehumet.
 14545 | D:10     | Reached ** piety under Vehumet
 14700 | D:10     | Found a staircase to the Lair.
 14956 | D:10     | Reached skill level 1 in Fighting
 15562 | D:10     | Noticed Fannar
 15974 | D:11     | Found a staircase to the Orcish Mines.
 15993 | D:11     | Offered knowledge of Mephitic Cloud by Vehumet.
 16245 | D:11     | Reached *** piety under Vehumet
 16416 | D:11     | Reached skill level 2 in Fighting
 16562 | D:11     | Killed an unseen horror
 16956 | D:11     | Offered knowledge of Fulminant Prism by Vehumet.
 16973 | D:11     | Reached skill level 3 in Fighting
 17037 | D:11     | Noticed a seven-headed hydra
 17214 | D:11     | Killed a seven-headed hydra
 17291 | D:11     | Noticed a cyclops
 17472 | Lair:1   | Entered Level 1 of the Lair of Beasts
 17578 | Lair:1   | Reached skill level 5 in Dodging
 17586 | Lair:1   | Reached skill level 4 in Fighting
 18165 | Lair:1   | Reached XP level 12. HP: 67/67 MP: 5/26
 18883 | Lair:2   | Noticed Urug
 18918 | Lair:2   | Reached skill level 5 in Fighting
 18945 | Lair:1   | Reached **** piety under Vehumet
 20619 | Lair:3   | Noticed a death yak
 20621 | Lair:3   | Noticed a death yak
 20622 | Lair:3   | Noticed a death yak
 20629 | Lair:3   | Killed a death yak
 20632 | Lair:3   | Killed a death yak
 20632 | Lair:3   | Reached skill level 10 in Spellcasting
 20634 | Lair:3   | Killed a death yak
 20634 | Lair:3   | Reached skill level 6 in Fighting
 20638 | Lair:3   | Noticed an eight-headed hydra
 20941 | Lair:3   | Killed an eight-headed hydra
 20982 | Lair:3   | Offered knowledge of Iskenderun's Battlesphere by Vehumet.
 21207 | Lair:3   | Noticed a death yak
 21217 | Lair:3   | Killed a death yak
 21613 | Lair:3   | Found a staircase to the Swamp.
 21856 | Lair:3   | Found a staircase to the Snake Pit.
 22050 | Lair:3   | Identified the ring "Zyadounk" {rCorr rElec rPois rN+
                  | Slay+3} (You found it on level 9 of the Dungeon)
 22120 | Lair:4   | Reached XP level 13. HP: 76/76 MP: 14/28
 22775 | Lair:4   | Found a stormy altar of Qazlal.
 23495 | Lair:5   | Reached skill level 7 in Fighting
 23503 | Lair:5   | Reached skill level 1 in Shields
 24091 | Lair:5   | Noticed an ice dragon
 24547 | Lair:6   | Entered Level 6 of the Lair of Beasts
 25096 | Lair:6   | Found a runed translucent door.
 25107 | Lair:6   | Found a viscous altar of Jiyva.
 25107 | Lair:6   | Noticed an azure jelly
 25108 | Lair:6   | Noticed an azure jelly
 25109 | Lair:6   | Found a staircase to the Slime Pits.
 25111 | Lair:6   | Noticed an azure jelly
 26245 | Lair:6   | Reached ***** piety under Vehumet
 26250 | Lair:6   | Offered knowledge of Bolt of Fire by Vehumet.
 26432 | Lair:6   | Learned a level 6 spell: Bolt of Fire
 26688 | Lair:6   | Reached XP level 14. HP: 83/83 MP: 10/29
 26786 | Lair:6   | Reached skill level 5 in Shields
 26786 | Lair:6   | Reached skill level 15 in Air Magic
 27201 | Lair:6   | Found a burning altar of Makhleb.
 27207 | Lair:6   | Found a gateway to Hell.
 27626 | Lair:5   | Reached skill level 8 in Fighting
 28310 | D:10     | Killed Fannar
 28825 | D:11     | Reached skill level 15 in Conjurations
 30488 | D:13     | Found a stormy altar of Qazlal.
 30915 | D:13     | Reached skill level 9 in Fighting
 32207 | D:14     | Learned a level 2 spell: Blink
 32214 | D:14     | Learned a level 6 spell: Deflect Missiles
 32218 | D:14     | Learned a level 3 spell: Regeneration
 32770 | D:14     | Found a glowing golden altar of the Shining One.
 33007 | D:14     | Reached skill level 10 in Shields
 33063 | D:14     | Found Quixkeol's Armour Shoppe.
 33148 | D:14     | Reached skill level 10 in Fighting
 33148 | D:14     | Reached XP level 15. HP: 72/92 MP: 12/31
 33359 | D:14     | Found a gate to the Vaults.
 33523 | D:14     | Identified Juat's Reference Book on Snow and Moulding
 33831 | D:15     | Entered Level 15 of the Dungeon
 34299 | D:15     | Noticed Jorgrun
 34299 | D:15     | Noticed Josephine
 34418 | D:15     | Killed Jorgrun
 34473 | D:15     | Killed Josephine
 34473 | D:15     | Offered knowledge of Venom Bolt by Vehumet.
 34872 | D:15     | Noticed Nessos
 34883 | D:15     | Killed Nessos
 34969 | D:15     | Reached skill level 11 in Fighting
 35286 | D:15     | Found a staircase to the Depths.
 35719 | Orc:1    | Entered Level 1 of the Orcish Mines
 35719 | Orc:1    | Noticed an orc warlord
 35898 | D:11     | Killed an orc warlord
 35996 | Orc:1    | Noticed Nergalle
 36249 | Orc:1    | Killed Nergalle
 36422 | Orc:1    | Found a roughly hewn altar of Beogh.
 36666 | Orc:2    | Entered Level 2 of the Orcish Mines
 36777 | Orc:2    | Found a staircase to the Elven Halls.
 37318 | Orc:2    | Offered knowledge of Fireball by Vehumet.
 37708 | Orc:1    | Learned a level 5 spell: Fireball
 38062 | Orc:2    | Noticed an orc warlord
 38113 | Orc:2    | Killed an orc warlord
 38113 | Orc:2    | Reached XP level 16. HP: 95/101 MP: 10/32
 38453 | Orc:2    | Found Luem's General Store.
 38454 | Orc:2    | Found Xetil's Book Shop.
 38455 | Orc:2    | Found Rudu Foe's Antique Armour Shop.
 38455 | Orc:2    | Found Iniste Umill's Antique Weapon Boutique.
 38580 | Orc:1    | Paralysed by an orc sorcerer for 3 turns
 39023 | Orc:1    | Found a roughly hewn altar of Beogh.
 39274 | Snake:1  | Entered Level 1 of the Snake Pit
 39638 | Snake:1  | Reached skill level 12 in Fighting
 41186 | Snake:2  | Reached ****** piety under Vehumet
 41243 | Snake:2  | Found Gotiudwomiu's Magic Scroll Emporium.
 41245 | Snake:2  | Bought a scroll of teleportation for 39 gold pieces
 41245 | Snake:2  | Bought a scroll of teleportation for 39 gold pieces
 41245 | Snake:2  | Bought a scroll of blinking for 97 gold pieces
 41245 | Snake:2  | Bought a scroll of identify for 26 gold pieces
 41245 | Snake:2  | Bought a scroll of identify for 26 gold pieces
 41467 | Snake:2  | Offered knowledge of Bolt of Draining by Vehumet.
 41561 | Snake:2  | Identified Roxanne's Incunabulum of Transmutation
 41561 | Snake:2  | Noticed Roxanne
 41585 | Snake:2  | Identified a scroll of acquirement
 41859 | Snake:2  | Identified the ring of Seb Lass {rC+ MP+9 Dex-5 Stlth+}
 42983 | Snake:3  | Reached skill level 15 in Shields
 43024 | Snake:3  | Reached skill level 13 in Fighting
 43963 | Snake:4  | Entered Level 4 of the Snake Pit
 44142 | Snake:3  | Learned a level 6 spell: Conjure Ball Lightning
 44186 | Snake:4  | Noticed a nagaraja
 44188 | Snake:4  | Noticed Aizul
 44692 | Snake:3  | Killed Aizul
 44943 | Snake:4  | Reached XP level 17. HP: 102/110 MP: 20/33
 45031 | Snake:4  | Reached skill level 14 in Fighting
 45617 | Snake:4  | Offered knowledge of Freezing Cloud by Vehumet.
 45899 | Snake:4  | Reached skill level 15 in Fighting
 47068 | Snake:4  | Reached skill level 16 in Fighting
 47333 | Snake:4  | Got a serpentine rune of Zot
 48179 | Lair:2   | Killed Urug
 48179 | Lair:2   | Reached skill level 1 in Charms
 48348 | Orc:2    | Learned a level 6 spell: Freezing Cloud
 48404 | Elf:1    | Entered Level 1 of the Elven Halls
 49628 | Elf:1    | Reached XP level 18. HP: 121/121 MP: 23/34
 49685 | Elf:1    | Noticed a Hell Sentinel
 50029 | Elf:1    | Reached skill level 10 in Dodging
 50886 | Elf:2    | Found Cyrerphua's Armour Shop.
 51061 | Elf:2    | Bought a +2 pair of gloves of dexterity for 344 gold pieces
 51373 | Elf:2    | Offered knowledge of Poison Arrow by Vehumet.
 51595 | Elf:2    | Found a huge runed translucent gate.
 51595 | Elf:2    | Found a huge runed translucent gate.
 51595 | Elf:2    | Found a huge runed translucent gate.
 51595 | Elf:2    | Found a huge runed translucent gate.
 51598 | Elf:2    | Found a huge runed translucent gate.
 51741 | Elf:3    | Entered Level 3 of the Elven Halls
 53058 | Elf:3    | Noticed a deep elf master archer
 53146 | Elf:3    | Reached skill level 5 in Charms
 53153 | Elf:3    | Killed a deep elf master archer
 53303 | Elf:3    | Noticed a deep elf blademaster
 53352 | Elf:3    | Reached skill level 17 in Fighting
 53537 | Elf:2    | Noticed a deep elf blademaster
 53924 | Elf:2    | Killed a deep elf blademaster
 55045 | Elf:3    | Reached XP level 19. HP: 120/128 MP: 24/36
 55799 | Swamp:1  | Entered Level 1 of the Swamp
 55987 | Swamp:1  | Reached skill level 1 in Armour
 56924 | Swamp:2  | Offered knowledge of Bolt of Cold by Vehumet.
 58268 | Swamp:3  | Reached skill level 5 in Armour
 58373 | Swamp:3  | Noticed a tentacled monstrosity
 58397 | Swamp:3  | Killed a tentacled monstrosity
 58939 | Swamp:3  | Found a basalt altar of Yredelemnul.
 59243 | Swamp:4  | Entered Level 4 of the Swamp
 59448 | Swamp:4  | Offered knowledge of Fire Storm by Vehumet.
 59448 | Swamp:4  | Offered knowledge of Glaciate by Vehumet.
 59448 | Swamp:4  | Offered knowledge of Chain Lightning by Vehumet.
 59759 | Swamp:4  | Noticed the 27-headed Lernaean hydra
 59765 | Swamp:4  | Killed the 27-headed Lernaean hydra
 59860 | Swamp:3  | Learned a level 8 spell: Chain Lightning
 59866 | Swamp:4  | Reached skill level 18 in Fighting
 60229 | Swamp:4  | Got a decaying rune of Zot
 60505 | Swamp:4  | Reached XP level 20. HP: 136/136 MP: 11/38
 61195 | Vaults:1 | Entered Level 1 of the Vaults
 61628 | Vaults:1 | Found Cipamoa's Weapon Emporium.
 61971 | Vaults:1 | Bought a throwing net for 54 gold pieces
 63740 | Vaults:1 | Noticed Asterion
 63743 | Vaults:1 | Killed Asterion
 63764 | Vaults:1 | Paralysed by something for 6 turns
 63770 | Vaults:1 | Mangled by a vampire knight

Skill      XL: |  1  2  3  4  5  6  7  8  9 10 11 12 13 14 15 16 17 18 19 20 |
---------------+-------------------------------------------------------------+-----
Conjurations   | 2 3 4 5 6 8 10 12 13 14 15 16 | 16.2
Air Magic      | 5 6 7 9 11 12 13 14 15 16 | 16.3
Spellcasting   | 3 4 6 7 8 9 10 11 12 13 | 13.9
Fighting       | 4 6 7 10 11 13 16 17 18 | 18.2
Dodging        | 5 7 9 11 12 | 12.0
Stealth        | 3 4 |  4.0
Shields        | 4 10 13 15 | 15.0
Charms         | 2 5 6 |  6.0
Armour         | 6 |  6.7

Action                   |  1- 3 |  4- 6 |  7- 9 | 10-12 | 13-15 | 16-18 | 19-21 || total
-------------------------+-------+-------+-------+-------+-------+-------+-------++-------
Melee: Unarmed           |     3 |       |       |       |       |       |       ||     3
       Peck              |     1 |     6 |     8 |    33 |    46 |    25 |    62 ||   181
       Dagger            |     6 |    19 |    28 |     6 |       |       |       ||    59
       Kick              |     3 |       |     7 |    42 |    87 |    40 |   124 ||   303
       Whip              |       |       |       |   127 |    45 |       |       ||   172
       Demon trident     |       |       |       |       |   264 |   268 |   252 ||   784
       Staff             |       |       |       |       |       |       |    15 ||    15
 Cast: Shock             |    78 |    88 |   250 |   125 |    53 |    14 |     1 ||   609
       Airstrike         |       |     6 |    59 |   162 |   250 |   330 |   199 ||  1006
       Lightning Bolt    |       |       |     1 |    82 |   345 |   467 |   261 ||  1156
       Blink             |       |       |       |       |     2 |     8 |     7 ||    17
       Conjure Ball Ligh |       |       |       |       |       |    22 |       ||    22
       Freezing Cloud    |       |       |       |       |       |    17 |     2 ||    19
       Deflect Missiles  |       |       |       |       |       |     1 |     2 ||     3
       Regeneration      |       |       |       |       |       |     2 |       ||     2
       Chain Lightning   |       |       |       |       |       |       |    27 ||    27
 Abil: Fly               |       |     1 |       |       |       |       |       ||     1
Evoke: Wand              |       |       |       |     3 |     8 |    18 |     1 ||    30
       Phantom mirror    |       |       |       |       |       |       |     1 ||     1
  Use: Scroll            |     1 |       |    14 |     7 |     4 |    23 |    11 ||    60
       Potion            |       |       |       |     2 |       |     6 |     1 ||     9
 Stab: Sleeping          |     4 |     1 |     3 |     2 |     2 |     3 |       ||    15
       Distracted        |       |       |       |       |     3 |       |     1 ||     4
       Paralysed         |       |       |       |       |     6 |       |       ||     6
  Eat: Chunk             |     5 |     9 |    32 |    62 |    80 |    29 |    38 ||   255
       Ration            |       |       |       |       |     7 |    29 |     7 ||    43
Armor: Robe              |     4 |     1 |     6 |       |       |    15 |       ||    26
       Ring mail         |       |       |    11 |    45 |    98 |    68 |   115 ||   337
Dodge: Dodged            |    15 |    36 |   111 |   205 |   378 |   371 |   467 ||  1583
       Deflected         |       |       |       |     3 |       |    14 |    14 ||    31
Block: Shield            |       |       |       |       |   224 |   447 |   422 ||  1093
